Map: Acropolis LE

Players

MooEsqoo - Winner!

  • Race: Protoss Protoss
  • Spawn Location: 11:00

A.I. 1 (Elite)

  • Race: Zerg Zerg
  • Spawn Location: 5:00

VOD

Have the link to the VOD?

Description

Time

  • Played on: Dec. 31, 2019, 8:10 a.m.
  • Length: 16:19
Show
View Real Time Build Order
Export as new Build Order

MooEsqoo Protoss - Winner!

Build Orders:  

Get SALT Encoding   

  12  0:03  Probe  
  13  0:17  Pylon  
  13  0:25  Probe  
  14  0:36  Gateway  
  14  0:41  Assimilator  
  14  0:43  Probe  
  15  0:55  Probe  
  16  1:26  Cybernetics Core  
  16  1:29  Pylon  
  16  1:30  Zealot (Chrono Boost)  
  18  1:52  Zealot (Chrono Boost)  
  20  2:08  Nexus  
  20  2:12  Stalker (Chrono Boost)  
  22  2:21  Shield Battery  
  22  2:40  Probe  
  23  2:45  Warp Gate (Chrono Boost)  
  23  2:47  Gateway  
  23  2:51  Stalker  
  25  2:52  Probe  
  26  3:04  Probe  
  27  3:07  Assimilator  
  27  3:20  Gateway  
  27  3:27  Probe x2  
  29  3:39  Probe x2  
  29  3:41  Pylon  
  31  3:55  Stargate  
  31  3:59  Pylon  
  31  4:03  Probe x2  
  33  4:15  Probe x2  
  35  4:19  Assimilator  
  35  4:21  Assimilator  
  35  4:28  Robotics Facility  
  35  4:31  Probe  
  36  4:33  Probe  
  37  4:42  Sentry  
  37  4:43  Probe  
  37  4:44  Sentry  
  42  4:45  Probe  
  42  4:51  Sentry  
  45  4:55  Probe  
  45  4:57  Probe  
  47  5:07  Probe  
  47  5:10  Forge  
  48  5:14  Twilight Council  
  48  5:16  Pylon  
  48  5:20  Gateway  
  48  5:31  Oracle (Chrono Boost)  
  51  5:45  Pylon  
  51  5:46  Immortal (Chrono Boost)  
  55  5:55  Zealot x3  
  61  6:00  Probe x2  
  63  6:06  Shield Battery  
  63  6:10  Pylon  
  63  6:20  Shield Battery  
  63  6:22  Probe  
  63  6:23  Probe  
  65  6:34  Observer  
  66  6:44  Nexus  
  66  6:49  Probe x2  
  68  7:01  Probe x2  
  70  7:15  Zealot x2  
  70  7:16  Stalker x2, Charge  
  70  7:17  Protoss Ground Weapons Level 1 (Chrono Boost)  
  78  7:28  Templar Archives, Probe x2  
  80  7:38  Stalker x2  
  80  7:40  Probe x2  
  86  7:52  Assimilator  
  86  7:54  Assimilator  
  86  7:55  Probe x2  
  88  7:59  Pylon  
  88  8:00  Pylon  
  88  8:02  Pylon  
  88  8:03  Probe  
  89  8:08  Probe x2  
  89  8:10  Immortal (Chrono Boost)  
  91  8:15  Probe  
  96  8:23  Probe x2  
  96  8:26  High Templar x2  
  102  8:27  Probe, High Templar x2  
  102  8:30  Archon  
  102  8:31  Archon  
  107  8:35  Probe  
  107  8:36  Probe  
  109  8:52  Probe x3  
  112  8:59  Gateway  
  112  9:00  Gateway  
  112  9:03  Gateway  
  112  9:04  Probe x2  
  112  9:05  Probe  
  112  9:06  Gateway  
  112  9:08  Gateway  
  115  9:10  Pylon  
  115  9:12  Pylon  
  115  9:13  Pylon  
  94  9:29  Zealot x4  
  100  9:40  Shield Battery  
  100  9:42  Probe x2  
  100  9:43  Probe  
  103  9:50  High Templar  
  103  9:51  High Templar x3  
  111  9:54  Archon  
  111  9:55  Archon  
  111  9:56  Warp Prism (Chrono Boost)  
  113  10:14  Void Ray  
  113  10:18  High Templar x3  
  113  10:19  High Templar  
  113  10:20  Immortal (Chrono Boost), Zealot  
  131  10:22  Archon x2  
  131  10:24  High Templar x2  
  131  10:25  High Templar x2  
  131  10:28  Archon  
  139  10:29  Archon  
  139  10:44  Pylon  
  139  10:45  Pylon  
  139  10:47  Pylon  
  139  10:49  Pylon  
  139  10:50  Pylon, Gateway  
  139  10:51  Pylon  
  139  10:55  Gateway  
  139  10:58  Gateway  
  139  11:01  Gateway  
  139  11:11  High Templar x5  
  141  11:13  Zealot x4  
  141  11:14  Protoss Ground Weapons Level 2 (Chrono Boost)  
  141  11:15  Archon x2  
  157  11:26  Pylon  
  157  11:48  High Templar x3  
  157  11:49  Zealot  
  157  11:50  Zealot x5  
  157  11:51  Zealot x2  
  178  11:56  Observer  
  178  12:00  Archon  
  179  12:02  Archon  
  141  12:37  High Templar  
  141  12:38  High Templar x2  
  141  12:39  High Templar  
  141  12:40  High Templar  
  141  12:41  Zealot x2  
  141  12:42  High Templar, Zealot  
  141  12:44  Zealot x3  
  161  12:45  Zealot  
  161  12:46  Archon x2  
  161  12:47  Archon  
  146  13:21  High Templar  
  146  13:22  High Templar x3  
  146  13:24  Zealot x3  
  146  13:25  Zealot  
  146  13:26  Zealot  
  164  13:28  Archon x2  
  160  14:02  Zealot x3  
  166  14:04  High Templar x2  
  166  14:05  High Templar x2  
  166  14:06  Zealot  
  166  14:07  Zealot  
  166  14:08  Zealot  
  166  14:09  Archon  
  180  14:10  Archon  
  180  14:16  High Templar x2  
  184  14:17  Zealot  
  184  14:20  Archon  
  180  14:32  High Templar x2  
  180  14:34  Zealot x4  
  180  14:36  Archon  
  190  14:42  Zealot x3  
  190  14:43  Zealot x2  
  196  15:11  Zealot x2  
Show
View Real Time Build Order
Export as new Build Order

A.I. 1 (Elite) Zerg 

Build Orders: Pool First 

Get SALT Encoding   

  12  0:00  Drone  
  13  0:12  Overlord  
  13  0:16  Drone  
  14  0:30  Drone x2  
  16  0:43  Spawning Pool  
  16  0:44  Drone  
  16  0:48  Drone  
  17  1:12  Hatchery  
  17  1:13  Drone  
  17  1:16  Extractor  
  16  1:18  Drone  
  16  1:23  Extractor  
  16  1:25  Drone  
  17  1:29  Drone  
  18  1:38  Drone  
  19  1:49  Overlord  
  19  1:56  Queen  
  21  2:01  Zergling x2  
  22  2:10  Drone  
  23  2:23  Queen  
  23  2:27  Drone  
  26  2:31  Drone  
  26  2:36  Drone  
  27  2:40  Drone  
  28  2:44  Drone  
  29  2:56  Roach Warren  
  28  2:59  Drone  
  28  3:01  Drone  
  28  3:04  Zergling x2  
  31  3:07  Zergling x2  
  32  3:14  Overlord  
  32  3:16  Drone  
  32  3:19  Drone  
  34  3:36  Roach x2  
  34  3:38  Roach  
  34  3:39  Roach  
  42  3:43  Lair  
  42  3:48  Overlord  
  42  3:53  Overlord  
  42  3:55  Zergling x2  
  42  3:58  Zergling x2  
  44  4:06  Drone x2, Zergling x2  
  44  4:08  Drone  
  48  4:11  Drone  
  48  4:12  Drone  
  50  4:17  Overlord  
  50  4:22  Roach  
  52  4:25  Roach  
  52  4:29  Roach  
  56  4:32  Roach  
  56  4:35  Overlord  
  58  4:41  Drone  
  58  4:44  Drone  
  60  4:46  Drone, Hydralisk Den  
  60  4:49  Roach  
  60  4:52  Roach  
  64  4:56  Overlord  
  64  5:03  Drone  
  64  5:04  Drone  
  64  5:06  Drone  
  67  5:08  Drone  
  67  5:10  Drone  
  67  5:12  Drone  
  70  5:14  Hydralisk, Drone  
  70  5:17  Hydralisk  
  75  5:22  Overlord  
  75  5:25  Drone x2  
  75  5:27  Drone  
  78  5:29  Drone  
  78  5:30  Drone  
  80  5:37  Infestation Pit, Drone  
  80  5:40  Drone  
  81  5:43  Overlord  
  81  5:52  Metabolic Boost  
  81  5:55  Evolution Chamber  
  81  5:56  Drone  
  81  6:03  Hatchery  
  80  6:11  Drone  
  81  6:14  Ravager  
  81  6:15  Ravager, Infestor  
  81  6:16  Evolution Chamber  
  81  6:17  Roach  
  86  6:20  Roach  
  86  6:21  Zerg Melee Weapons Level 1  
  88  6:28  Evolution Chamber  
  88  6:29  Drone  
  88  6:31  Extractor  
  88  6:32  Drone  
  88  6:36  Extractor  
  88  6:37  Drone  
  88  6:41  Zerg Missile Weapons Level 1  
  88  6:44  Overlord, Infestor  
  90  6:53  Hydralisk, Drone  
  90  6:54  Zerg Ground Armor Level 1, Drone x2  
  94  6:57  Drone  
  94  6:59  Drone x2  
  94  7:00  Hydralisk, Drone  
  100  7:04  Overlord  
  99  7:08  Overseer  
  99  7:10  Hydralisk  
  99  7:15  Drone x4  
  103  7:16  Drone x3  
  103  7:17  Drone  
  103  7:19  Drone x3  
  103  7:22  Extractor  
  111  7:25  Overlord, Drone  
  111  7:27  Drone  
  113  7:35  Glial Reconstitution  
  113  7:36  Drone, Infestor  
  116  7:38  Drone  
  117  7:45  Extractor, Overlord, Drone x2  
  117  7:47  Drone  
  117  7:48  Drone  
  117  7:49  Roach, Drone, Infestor  
  125  7:58  Drone x2  
  126  8:00  Drone  
  126  8:02  Pathogen Glands  
  128  8:08  Overlord  
  128  8:09  Drone  
  128  8:11  Drone  
  130  8:15  Spine Crawler  
  130  8:16  Roach, Drone x2  
  135  8:20  Roach  
  135  8:24  Spine Crawler  
  135  8:25  Queen  
  136  8:27  Overlord  
  136  8:39  Zerg Melee Weapons Level 2  
  136  8:42  Hydralisk x2  
  136  8:45  Overlord  
  140  8:51  Zerg Missile Weapons Level 2  
  140  9:02  Hatchery, Spore Crawler  
  138  9:03  Zerg Ground Armor Level 2  
  138  9:04  Spore Crawler  
  138  9:06  Spine Crawler  
  138  9:07  Hydralisk x2  
  138  9:08  Drone  
  138  9:09  Hydralisk x2  
  145  9:10  Overlord  
  145  9:12  Zergling x4  
  145  9:13  Zergling x8  
  145  9:15  Zergling x2  
  144  9:19  Hydralisk, Zergling x2  
  144  9:20  Zergling x2  
  144  9:23  Roach x3  
  144  9:24  Roach  
  131  9:26  Infestor  
  113  9:34  Roach x2  
  113  9:38  Roach  
  116  9:44  Roach  
  116  9:45  Roach  
  120  9:46  Spine Crawler  
  120  9:47  Hydralisk x2, Ravager  
  120  9:48  Roach, Spine Crawler  
  120  9:49  Roach  
  120  9:51  Ravager  
  128  9:55  Roach, Infestor  
  132  10:01  Infestor  
  134  10:11  Infestor  
  134  10:13  Roach  
  138  10:14  Queen, Roach  
  138  10:15  Drone x4  
  138  10:16  Roach, Drone x2  
  150  10:22  Extractor  
  150  10:24  Drone  
  150  10:30  Extractor  
  150  10:31  Drone, Spore Crawler  
  150  10:32  Drone  
  150  10:33  Spore Crawler  
  150  10:34  Drone  
  150  10:35  Spine Crawler  
  149  10:36  Drone  
  150  10:49  Ravager, Spine Crawler  
  151  10:50  Roach, Drone  
  151  10:52  Hatchery, Spore Crawler  
  151  10:53  Drone x2  
  151  10:54  Spine Crawler, Drone  
  151  10:55  Roach, Ravager, Overlord, Spore Crawler  
  151  10:56  Drone  
  156  10:57  Spine Crawler  
  156  10:59  Drone  
  156  11:07  Roach  
  156  11:09  Roach  
  160  11:23  Hive  
  160  11:35  Spine Crawler  
  160  11:36  Drone  
  160  11:49  Spore Crawler  
  160  11:50  Drone  
  160  11:51  Spine Crawler  
  160  11:52  Drone  
  160  11:54  Spore Crawler  
  160  11:55  Drone  
  160  11:56  Spore Crawler  
  160  11:57  Overlord  
  160  11:58  Drone  
  160  12:05  Hydralisk x4, Queen  
  160  12:06  Roach  
  160  12:07  Hydralisk x3, Roach x2  
  177  12:08  Zergling x4  
  177  12:09  Zergling x4  
  177  12:10  Overseer, Zergling x2  
  177  12:11  Zergling x2  
  177  12:12  Extractor  
  177  12:13  Overseer  
  177  12:14  Drone  
  116  12:24  Roach  
  116  12:25  Hydralisk  
  116  12:28  Hydralisk  
  116  12:29  Hydralisk  
  117  12:31  Hydralisk  
  117  12:34  Hydralisk, Viper  
  117  12:35  Hydralisk  
  128  12:38  Hydralisk, Ultralisk Cavern  
  128  12:40  Drone  
  128  12:42  Hydralisk  
  128  12:44  Hydralisk  
  132  12:46  Hydralisk  
  132  12:48  Hydralisk  
  132  12:51  Hydralisk  
  138  12:53  Hydralisk  
  138  12:55  Roach  
  138  12:58  Roach  
  144  12:59  Roach  
  144  13:01  Drone  
  144  13:03  Drone  
  144  13:04  Drone  
  144  13:05  Drone  
  137  13:06  Drone  
  137  13:08  Zergling x2  
  137  13:09  Zergling x2  
  137  13:10  Drone  
  137  13:12  Drone  
  113  13:13  Drone  
  113  13:16  Roach  
  113  13:18  Zergling x2  
  98  13:22  Overseer  
  91  13:27  Ultralisk  
  91  13:33  Hydralisk, Roach  
  91  13:34  Roach  
  82  13:37  Roach  
  82  13:39  Hydralisk  
  82  13:42  Hydralisk  
  82  13:45  Hydralisk  
  82  13:48  Drone  
  87  13:50  Drone  
  87  13:53  Drone  
  87  13:54  Hatchery  
  65  14:07  Drone, Zergling x2  
  67  14:12  Drone  
  67  14:15  Overseer  
  66  14:18  Drone  
  66  14:21  Zergling x2  
  49  14:29  Roach  
  48  14:34  Roach  
  48  14:36  Roach  
  35  14:39  Drone  
  33  14:52  Roach, Zergling x2  
  35  14:55  Zergling x2  
  35  14:57  Hatchery  
  31  15:01  Roach, Drone  
  36  15:08  Drone  
  36  15:09  Drone  
  19  15:17  Drone  
  19  15:19  Hatchery  
  18  15:21  Drone  
  18  15:27  Overlord  
  19  15:36  Overlord  
  18  15:53  Drone  
  18  15:54  Drone  
Tags
 
Matchup
PvZ
Opening
Pool First
Spawn Locations
Cross Positions
Add a new tag
Caveats
  • Supply blocks, unpowered buildings, or Contaminate may cause inaccurate times.
  • Supply counts are checked every 10 seconds.